 Dungeon Crawl Stone Soup version 0.29.1-15-g9cfb28693d (webtiles) character file.

Game seed: 1035031821740143807

306 Renzlar the Shield-Bearer (level 6, 0/53 HPs)
             Began as a Gnoll Fighter on Mar 7, 2023.
             Slain by a gnoll
             ... wielding a +0 flail
             ... led by a gnoll bouda
              (6 damage)
             ... on level 4 of the Dungeon.
             The game lasted 00:07:56 (3026 turns).

Renzlar the Shield-Bearer (Gnoll Fighter)           Turns: 3026, Time: 00:07:57

Health: 0/53       AC: 10    Str: 17    XL:     6   Next: 39%
Magic:  9/9        EV:  7    Int:  8    God:
Gold:   170        SH:  5    Dex: 11    Spells: 9/9 levels left

rFire   + . .      SeeInvis .   a - +0 war axe
rCold   + . .      Faith    .   r - +0 buckler
rNeg    . . .      Spirit   .   i - +0 chain mail
rPois   .          Reflect  .   (no helmet)
rElec   .          Harm     .   h - scarf {rC+ rF+}
rCorr   .          Rampage  .   (no gloves)
Will    .....                   (no boots)
Stlth   ..........              (no amulet)
HPRegen 0.17/turn               (no ring)
MPRegen 0.11/turn               (no ring)

@: slowed, invisible, very slow
A: fangs 1, strong nose, distributed training
a: no special abilities


You were on level 4 of the Dungeon.
You visited 2 branches of the dungeon, and saw 5 of its levels.

You collected 170 gold pieces.

Inventory:

Hand Weapons
 a - a +0 war axe (weapon)
 c - a +0 sling
 q - a +2 dagger of venom
Missiles
 j - 6 boomerangs (quivered)
 n - 3 poisoned darts
Armour
 b - a +0 scale mail
 h - a scarf of resistance (worn)
 i - a +0 chain mail (worn)
 r - a +0 buckler (worn)
Scrolls
 o - 2 scrolls of teleportation
 p - 2 scrolls of identify
Potions
 d - a potion of might
 f - a potion of heal wounds
 g - a potion of flight {unknown}
 k - 5 potions of curing {unknown}
 l - a potion of resistance {unknown}
 m - 2 potions of haste {unknown}


   Skills:
 + Level 6.8 Fighting
 + Level 2.0 Short Blades
 + Level 2.0 Long Blades
 + Level 5.0 Axes
 + Level 2.0 Maces & Flails
 + Level 2.0 Polearms
 + Level 2.0 Staves
 + Level 2.0 Ranged Weapons
 + Level 2.0 Throwing
 + Level 6.8 Armour
 + Level 2.0 Dodging
 + Level 2.0 Stealth
 + Level 6.8 Shields
 + Level 2.0 Unarmed Combat
 + Level 2.0 Spellcasting
 + Level 1.6 Conjurations
 + Level 1.6 Hexes
 + Level 1.6 Summonings
 + Level 1.6 Necromancy
 + Level 1.6 Translocations
 + Level 1.6 Transmutations
 + Level 1.6 Fire Magic
 + Level 1.6 Ice Magic
 + Level 1.6 Air Magic
 + Level 1.6 Earth Magic
 + Level 1.6 Poison Magic
 + Level 2.2 Invocations
 + Level 2.0 Evocations


You had 9 spell levels left.
You didn't know any spells.
Your spell library contained the following spells:

 Spells                   Type           Power      Damage    Failure   Level
 Ensorcelled Hibernation  Hex/Ice        6%         N/A       99%         2
 Spider Form              Tmut/Pois      3%         N/A       100%        3
 Anguish                  Hex/Necr       1%         N/A       100%        4


Dungeon Overview and Level Annotations

Branches:
Dungeon (4/15)             Temple (1/1) D:4

Altars:
Ashenzari
Dithmenos
Fedhas
Nemelex Xobeh
Qazlal
Ru
Sif Muna
Uskayaw
Wu Jian
Xom
Zin


Innate Abilities, Weirdness & Mutations

You have very sharp teeth.
Your uncanny sense of smell can sniff out nearby items.
Your experience applies equally to all skills.


Message History

You hit the gnoll but do no damage.
The gnoll is severely wounded.
You hit the gnoll but do no damage.
You hit the gnoll bouda but do no damage.
Your attacks no longer feel as feeble.
You feel sick. The gnoll hits you with a +0 club. You block the gnoll's attack.
The gnoll hits you with a +0 flail.
The gnoll bouda barks out a call to the hunt!
The gnoll picks up the pace!
You block the gnoll's attack.
The gnoll throws a curare-tipped dart.
The curare-tipped dart barely misses you.
The gnoll hits you but does no damage.
An iguana comes into view.
The gnoll barely misses you.
The iguana hisses angrily.
You hit the gnoll. You bite the gnoll, but do no damage.
The gnoll is lightly wounded.
You barely miss the gnoll bouda. You hit the gnoll but do no damage.
You feel sick.
You are no longer poisoned.
The gnoll hits you but does no damage. The gnoll hits you with a +0 flail.
The gnoll bouda gazes fiercely through you!
You feel your attacks grow feeble.
The gnoll bouda hits you with a +0 club.
The gnoll hits you with a +0 club. The gnoll hits you with a +0 flail.
The gnoll hits you but does no damage. x2
Unknown command.
You fade into invisibility!
The gnoll hits you but does no damage. The gnoll barely misses you. x2
You block the gnoll's attack. x2
The gnoll hits you from afar with a +0 halberd!
* * * LOW HITPOINT WARNING * * *
Unknown command.
You closely miss the gnoll bouda. You hit the gnoll. x2
You closely miss the gnoll.
Your attacks no longer feel as feeble.
The gnoll hits you with a +0 flail.
* * * LOW HITPOINT WARNING * * *
The gnoll hits you with a +0 flail.
You die...

#..).....#.. .. #.#..
#....##..#.###.
...#..####...........##.
.....................
..J?...........##...#
....................#
.....#.g.#.........##
...l.g#g#.....##..##
.....Sg@g.....##..#
......#g#......#...#
.....#.g.#........ #
..................)
...................
......####.......##
...... #........ .....
.#..##...


You could see a gnoll bouda (unable to see you), an iguana (unable to see you),
5 gnolls, an endoplasm, a hobgoblin (unable to see you) and a ball python
(unable to see you).

Vanquished Creatures
  2 phantoms (D:4)
  An orc priest (D:4)
  4 adders (D:3)
  An ufetubus (D:4)
  2 dart slugs
  3 worms
  8 orcs
  5 ball pythons
  4 endoplasms
  3 giant cockroaches
  8 hobgoblins
  2 jackals (D:2)
  3 kobolds
  5 bats
  2 frilled lizards
  11 goblins
  6 rats
70 creatures vanquished.

Vanquished Creatures (others)
  A fungus (D:4)
1 creature vanquished.

Grand Total: 71 creatures vanquished

Notes
Turn   | Place    | Note
-------+----------+-------------------------------------------
     0 | D:1      | Renzlar the Gnoll Fighter began the quest for the Orb.
     0 | D:1      | Reached XP level 1. HP: 23/23 MP: 1/1
   136 | D:1      | Reached XP level 2. HP: 29/29 MP: 2/2
   796 | D:2      | Reached XP level 3. HP: 35/35 MP: 3/3
   835 | D:2      | Reached skill level 1 in Invocations
   934 | D:2      | Found a sparkling altar of Nemelex Xobeh.
   954 | D:2      | You fall into a shaft and drop 2 floors!
   959 | D:4      | Found a shimmering altar of Xom.
   975 | D:4      | Reached skill level 1 in Short Blades
   975 | D:4      | Reached skill level 1 in Long Blades
   975 | D:4      | Reached skill level 1 in Maces & Flails
   975 | D:4      | Reached skill level 1 in Polearms
   975 | D:4      | Reached skill level 1 in Staves
   975 | D:4      | Reached skill level 1 in Ranged Weapons
   975 | D:4      | Reached skill level 1 in Throwing
   975 | D:4      | Reached skill level 1 in Dodging
   975 | D:4      | Reached skill level 1 in Stealth
   975 | D:4      | Reached skill level 1 in Unarmed Combat
   975 | D:4      | Reached skill level 1 in Spellcasting
   975 | D:4      | Reached skill level 1 in Evocations
   975 | D:4      | Reached XP level 4. HP: 24/41 MP: 5/5
  1194 | D:4      | Noticed a phantom
  1204 | D:4      | Killed a phantom
  1205 | D:4      | Reached skill level 1 in Conjurations
  1205 | D:4      | Reached skill level 1 in Hexes
  1205 | D:4      | Reached skill level 1 in Summonings
  1205 | D:4      | Reached skill level 1 in Necromancy
  1205 | D:4      | Reached skill level 1 in Translocations
  1205 | D:4      | Reached skill level 1 in Transmutations
  1205 | D:4      | Reached skill level 1 in Fire Magic
  1205 | D:4      | Reached skill level 1 in Ice Magic
  1205 | D:4      | Reached skill level 1 in Air Magic
  1205 | D:4      | Reached skill level 1 in Earth Magic
  1205 | D:4      | Reached skill level 1 in Poison Magic
  1205 | D:4      | Reached XP level 5. HP: 27/47 MP: 5/7
  2237 | D:3      | Found an ornate altar of the Wu Jian Council.
  2286 | D:3      | Found a shimmering blue altar of Sif Muna.
  2331 | D:3      | Reached XP level 6. HP: 46/53 MP: 8/8
  2702 | D:3      | Found a faded altar of an unknown god.
  2852 | D:4      | Found a staircase to the Ecumenical Temple.
  2856 | D:4      | Reached skill level 5 in Axes
  2863 | Temple   | Entered the Ecumenical Temple
  3026 | D:4      | Slain by a gnoll

Illustrated notes

Levels and vault maps discovered:
D:1:      giann_horns, layout_loops_cross
D:2:      layout_rooms, basic_altar
D:3:      layout_basic, mainiacjoe_overflow_large_starburst,
          dreamdust_ecumenical_altar_hidden_monk_grotto, hex_tiny
D:4:      layout_cave_pools, lemuel_tele_altar,
          mainiacjoe_overflow_concentric_impassable, elyvilon_altar_3,
          mainiacjoe_overflow_tiny_flanked, minmay_temple_entry_crystal_x,
          minmay_misc_feat_iff, uniq_sigmund
Temple:   nicolae_temple_two_arcs

Skill      XL: |  1  2  3  4  5  6 |
---------------+-------------------+-----
Invocations    | 1 2 |  2.2
Short Blades   | 1 2 |  2.0
Long Blades    | 1 2 |  2.0
Maces & Flails | 1 2 |  2.0
Polearms       | 1 2 |  2.0
Staves         | 1 2 |  2.0
Ranged Weapons | 1 2 |  2.0
Throwing       | 1 2 |  2.0
Dodging        | 1 2 |  2.0
Stealth        | 1 2 |  2.0
Unarmed Combat | 1 2 |  2.0
Spellcasting   | 1 2 |  2.0
Evocations     | 1 2 |  2.0
Conjurations   | 1 |  1.6
Hexes          | 1 |  1.6
Summonings     | 1 |  1.6
Necromancy     | 1 |  1.6
Translocations | 1 |  1.6
Transmutations | 1 |  1.6
Fire Magic     | 1 |  1.6
Ice Magic      | 1 |  1.6
Air Magic      | 1 |  1.6
Earth Magic    | 1 |  1.6
Poison Magic   | 1 |  1.6
Axes           | 5 |  5.0
Fighting       | |  6.8
Armour         | |  6.8
Shields        | |  6.8

Action                   |  1- 3 |  4- 6 || total
-------------------------+-------+-------++-------
Melee: War axe           |    66 |   119 ||   185
       Bite              |     5 |    13 ||    18
 Fire: Sling             |       |    14 ||    14
  Use: Scroll            |     5 |     1 ||     6
       Potion            |       |     1 ||     1
Armor: Scale mail        |     2 |       ||     2
       Chain mail        |    16 |    93 ||   109
Dodge: Dodged            |    24 |    39 ||    63
Block: Buckler           |    13 |    37 ||    50
